 Dungeon Crawl Stone Soup version 0.26-a0-490-gf8362a0c98 (webtiles) character file.

Game seed: 16160546059071552137

3 ANON1729 the Magician (level 1, 5/17 HPs)
             Began as a Gnoll Wanderer on Aug 4, 2020.
             Got out of the dungeon alive.
             The game lasted 00:00:58 (204 turns).

ANON1729 the Magician (Gnoll Wanderer)               Turns: 204, Time: 00:00:59

Health: 5/17       AC:  6    Str: 15    XL:     1   Next: 50%
Magic:  6/6        EV: 10    Int: 14    God:
Gold:   0          SH:  0    Dex: 13    Spells: 8/9 levels left

rFire    . . .     SeeInvis .   a - +0 club
rCold    . . .     Faith    .   (no shield)
rNeg     . . .     Spirit   .   c - +0 ring mail
rPois    .         Reflect  .   (no helmet)
rElec    .         Harm     .   (no cloak)
rCorr    .                      (no gloves)
MR       .....                  (no boots)
Stlth    ++........             (no amulet)
HPRegen  0.05/turn              (no ring)
MPRegen  0.10/turn              (no ring)

@: no status effects
A: distributed training, fangs 1, strong nose
a: no special abilities


You escaped.
You visited 1 branch of the dungeon, and saw 1 of its levels.

Inventory:

Hand Weapons
 a - a +0 club (weapon)
 e - a +0 dagger
Armour
 c - a +0 ring mail (worn)
Scrolls
 b - a scroll of teleportation {unknown}
 d - a scroll of remove curse {unknown}
 f - 2 scrolls of amnesia {unknown}


   Skills:
 + Level 2.3 Fighting
 + Level 0.0 Short Blades
 + Level 0.0 Long Blades
 + Level 0.0 Axes
 + Level 0.0 Maces & Flails
 + Level 0.0 Polearms
 + Level 0.0 Staves
 + Level 0.0 Slings
 + Level 0.0 Bows
 + Level 0.0 Crossbows
 + Level 0.0 Throwing
 + Level 4.4 Armour
 + Level 0.0 Dodging
 + Level 4.0 Stealth
 + Level 0.0 Shields
 + Level 0.0 Unarmed Combat
 + Level 4.8 Spellcasting
 + Level 0.0 Conjurations
 + Level 0.0 Hexes
 + Level 0.0 Summonings
 + Level 3.6 Necromancy
 + Level 0.0 Translocations
 + Level 0.0 Transmutations
 + Level 0.0 Fire Magic
 + Level 1.9 Ice Magic
 + Level 0.0 Air Magic
 + Level 0.0 Earth Magic
 + Level 0.0 Poison Magic
 + Level 0.1 Invocations
 + Level 0.0 Evocations


You had 8 spell levels left.
You knew the following spells:

 Your Spells              Type           Power        Failure   Level
a - Animate Skeleton      Necr           ##....       8%          1

Your spell library contained the following spells:

 Spells                   Type           Power        Failure   Level
 Pain                     Necr           ##..         8%          1
 Vampiric Draining        Necr           ##........   22%         3
 Apportation              Tloc           #.....       32%         1
 Animate Dead             Necr           ##........   58%         4
 Portal Projectile        Hex/Tloc       #.....       67%         3
 Agony                    Necr           ##......     90%         5


Dungeon Overview and Level Annotations

Branches:
Dungeon (1/15)

Altars:


Innate Abilities, Weirdness & Mutations

Your experience applies equally to all skills.
You have very sharp teeth.
Your uncanny sense of smell can sniff out nearby items.


Message History

You barely miss the kobold.
The kobold is heavily wounded.
The kobold barely misses you.
You closely miss the kobold. Your bite misses the kobold.
The kobold is heavily wounded.
The kobold completely misses you. The kobold hits you with a +0 dagger.
* * * LOW HITPOINT WARNING * * *
You hit the kobold but do no damage.
The kobold is heavily wounded.
The kobold hits you but does no damage.
There is an open door here.
You see here a stone.
The kobold closely misses you.
You see here a giant cockroach corpse.
Found 6 gold pieces.
You see here 6 gold pieces.
There is a staircase leading out of the dungeon here.
Are you sure you want to leave the Dungeon?
This will make you lose the game! The kobold hits you but does no damage.
You have escaped!

........###.###
##.##..#......##
##...####..# #..##
##.####### ######.#
#.......## ##......##
##........#
#..≈≈≈≈..####..≈≈§≈...#
#.≈≈≈≈≈≈......≈≈≈≈≈≈..####
###.≈≈≈≈≈≈..>@K.≈≈§≈≈≈.....#
#...≈≈≈≈≈≈....(.≈≈≈≈≈≈.###.#
#.#..≈≈≈≈........§≈≈§..# #.#
#.##................§.## #.#
#.###............###### #.#
#.# #####..#####.# #.# ###.#
#..# .# #.# #...# #..# .#
#.# #...# ##.# #.#


You could see a kobold.

Vanquished Creatures
  2 giant cockroaches (D:1)
  A bat (D:1)
3 creatures vanquished.

Notes
Turn   | Place    | Note
-------+----------+-------------------------------------------
     0 | D:1      | ANON1729 the Gnoll Wanderer began the quest for the Orb.
     0 | D:1      | ANON1729 set off with the following items: a +0 club, a +0
                  | ring mail, a +0 dagger; and the following spells available
                  | to memorise: Animate Skeleton, Pain, Vampiric Draining,
                  | Apportation, Animate Dead, Portal Projectile, Agony
     0 | D:1      | Reached XP level 1. HP: 17/17 MP: 6/6
    90 | D:1      | Learned a level 1 spell: Animate Skeleton
   204 | D:$      | Got out of the dungeon alive.

Illustrated notes

Levels and vault maps discovered:
D:1:      dpeg_arrival_pits, layout_loops_corners, minmay_domino_4

Action                   || total
-------------------------++-------
Melee: Club              ||    42
       Bite              ||     4
 Stab: Sleeping          ||     1
Armor: Ring mail         ||    28
Dodge: Dodged            ||    34

Table legend: (Time is in decaauts)
 A = Elapsed time spent in this place.
 B = Non-inter-level travel time spent in this place.
 C = Inter-level travel time spent in this place.
 D = Time resting spent in this place.
 E = Time spent auto-exploring this place.
 F = Levels seen in this place.
 G = Mean time per level.
                   A        B        C        D        E       F      G
               +--------+--------+--------+--------+--------+-----+--------+
         Total |    216 |    216 |      0 |      0 |     55 |   1 |  216.0 |
       Dungeon |    216 |    216 |      0 |      0 |     55 |   1 |  216.0 |
               +--------+--------+--------+--------+--------+-----+--------+

Top non-repeatable levels by time:
     D:1: 216 daAuts
